cohdb
Replays
Latest Replays
All Replays
Popular Replays
Top Player Replays
Match Explorer
How It Works
Community
CoH3 Stats
Reddit
Sign in to upload your games and track your stats! →
Sign in with Steam
Match 39738084
Unlisted
Match 39738084
Overview
Messages
Build Orders
End
Selects Italian Combined Arms Battlegroup
Selects Bersaglieri Squad
Bersaglieri Squad
Panzerpioneer Squad
Bersaglieri Squad
250 Light Carrier
Selects Vehicle Support - Secure Location
Construct Light Support Kompanie
Combat Half-tracks
Construct Mechanized Kompanie
8 Rad Armored Car
Selects Breda Model 30 Light Machine Guns
Veteran Squad Leaders
Vehicle Survival Package
Tungsten Core Ammunition
Advanced Field Repairs
Construct Panzerarmee Kommand
Selects Semovente da 75/18 Assault Gun
Selects Strafing Run
Emergency Repair Kits
Advanced Optics
Strafing Run
Strafing Run
Panzer III L Medium Tank
Rapid Advance
Selects Pact of Steel
Semovente da 75/18 Assault Gun
2.5-tonne Medical Truck
Strafing Run
Semovente da 75/18 Assault Gun
Strafing Run
8 Rad Armored Car
Panzer III L Medium Tank
VonManteuffel
Heartless Jäger
DanielD
KT Perry
0
0
Comments
sign in to comment!
No comments posted yet!